 Dungeon Crawl Stone Soup version 0.25.0-9-g26727b657a (webtiles) character file.

Game seed: 9036623516275188590

379 Angani the Skirmisher (level 6, 0/49 HPs)
             Began as a Demonspawn Chaos Knight on June 16, 2020.
             Was a Plaything of Xom.
             Succumbed to a worker ant's poison
             ... on level 4 of the Dungeon.
             The game lasted 00:07:07 (3364 turns).

Angani the Skirmisher (Demonspawn Chaos Knight)     Turns: 3364, Time: 00:07:07

Health: 0/49       AC:  8    Str: 14    XL:     6   Next: 45%
Magic:  7/7        EV: 12    Int: 18    God:    Xom [....*.]
Gold:   134        SH:  0    Dex: 12    Spells: 2/5 levels left

rFire    . . .     SeeInvis .   f - +2 hand axe (freeze)
rCold    . . .     Gourm    .   (no shield)
rNeg     . . .     Faith    +   p - +0 scale mail
rPois    .         Spirit   .   (no helmet)
rElec    .         Reflect  .   (no cloak)
rCorr    .         Harm     .   c - +0 pair of gloves
MR       .....     Clarity  +   (no boots)
Stlth    ..........             e - amulet of faith
HPRegen  0.16/turn              (no ring)
MPRegen  0.10/turn              (no ring)

@: mighty, lethally poisoned (0 -> -3)
A: talons 1, repulsion field 1, clarity, clever 2, sense surroundings 1
a: Renounce Religion


You were on level 4 of the Dungeon.
You worshipped Xom.
You were a beloved toy of Xom.
You were not hungry.

You visited 1 branch of the dungeon, and saw 4 of its levels.

You collected 134 gold pieces.

Inventory:

Hand Weapons
 f - a +2 hand axe of freezing (weapon)
Armour
 c - a +0 pair of gloves (worn)
 p - a +0 scale mail (worn)
Jewellery
 e - an amulet of faith (around neck)
Wands
 h - a wand of random effects (13)
 l - a wand of acid (4)
Scrolls
 a - a scroll of enchant armour {unknown}
 d - 3 scrolls of identify {unknown}
 g - a scroll of magic mapping {unknown}
 i - 4 scrolls of remove curse
 k - a scroll of noise {unknown}
 n - a scroll of random uselessness {unknown}
 o - 3 scrolls of amnesia {unknown}
 q - 2 scrolls of immolation {unknown}
Comestibles
 b - 6 rations


   Skills:
 - Level 4.5 Fighting
 - Level 3.5 Armour
 - Level 3.1 Dodging
 - Level 2.6 Unarmed Combat
 + Level 0.2 Spellcasting
 + Level 0.2 Conjurations
 + Level 0.2 Air Magic
 + Level 2.3 Evocations


You had 2 spell levels left.
You knew the following spells:

 Your Spells              Type           Power        Failure   Level  Hunger
a - Static Discharge      Conj/Air       #.......     94%         3    ####...

Your spell library contained the following spells:

 Spells                   Type           Power        Failure   Level  Hunger
 Shock                    Conj/Air       #...         63%         1    ##.....
 Swiftness                Chrm/Air       #.......     78%         2    ###....
 Confusing Touch          Hex            #.......     95%         3    ####...
 Gell's Gravitas          Tloc           #.........   95%         3    ####...
 Airstrike                Air            #.........   100%        4    #####..
 Petrify                  Tmut/Erth      #.......     100%        4    #####..
 Lightning Bolt           Conj/Air       #.........   100%        5    ######.
 Metabolic Englaciation   Hex/Ice        #.........   100%        5    ######.
 Yara's Violent Unravell  Hex/Tmut       #.........   100%        5    ######.


Dungeon Overview and Level Annotations

Branches:
Dungeon (4/15)
 Temple: D:4-7

Altars:
Cheibriados
Gozag
Xom
The Shining One


Innate Abilities, Weirdness & Mutations

You have sharp toenails.
You are surrounded by a mild repulsion field. (EV +2)
You possess an exceptional clarity of mind.
Your mind is very acute. (Int +4)
You passively map a small area around you.


Message History

* * * LOW HITPOINT WARNING * * *
You feel sick.
* * * LOW HITPOINT WARNING * * *
You feel sick.
* * * LOW HITPOINT WARNING * * *
You feel sick.
* * * LOW HITPOINT WARNING * * *
You feel sick.
* * * LOW HITPOINT WARNING * * *
You feel sick.
* * * LOW HITPOINT WARNING * * *
You feel sick.
* * * LOW HITPOINT WARNING * * *
You feel sick.
* * * LOW HITPOINT WARNING * * *
You feel sick.
You aren't carrying any potions.
Okay, then.
You die...
Xom guffaws!

....##.#. , ...........
.......## .....#.. ...,
.......,## #...##.. ....
#>.... ..# ........#
#..##....##>.# ........#
#.......... *
.......##.##.>......#
.......# ..........######
........# ,.####@..#....##
......#..................#
.##...#.....#.##...$..(###
....#.#...........##...#
..###..........#...#..##
.##...........##.......###
..............##......##.##
..................##......#
.##... #..........#.......#


There were no monsters in sight!

Vanquished Creatures
  4 killer bees
  2 orc wizards (D:4)
  Terence (D:3)
  A worker ant (D:4)
  An adder (D:2)
  An adder skeleton (D:4)
  2 worms (D:2)
  A dart slug (D:4)
  A leopard gecko (D:4)
  4 orcs
  2 ball pythons
  8 bats
  6 giant cockroaches
  7 hobgoblins
  4 jackals (D:1)
  6 kobolds
  2 quokkas (D:3)
  4 frilled lizards
  14 goblins
  6 rats
77 creatures vanquished.

Notes
Turn   | Place    | Note
-------+----------+-------------------------------------------
     0 | D:1      | Angani the Demonspawn Chaos Knight began the quest for the
                  | Orb.
     0 | D:1      | Reached XP level 1. HP: 18/18 MP: 1/1
    29 | D:1      | Reached skill level 1 in Dodging
   117 | D:1      | Gained mutation: You are surrounded by a mild repulsion
                  | field. (EV +2) [demonic ancestry]
   117 | D:1      | Reached XP level 2. HP: 23/24 MP: 2/2
   186 | D:1      | XOM: divination: detect creatures
   386 | D:1      | XOM: divination: detect creatures
   660 | D:1      | XOM: god gift: wand of acid (9)
   822 | D:2      | Reached XP level 3. HP: 29/29 MP: 3/3
   849 | D:2      | XOM: summons 2 hostile demons
   982 | D:2      | XOM: divination: detect items
  1033 | D:2      | XOM: give mutations
  1033 | D:2      | Gained mutation: You possess an exceptional clarity of
                  | mind. [Xom's grace]
  1033 | D:2      | Gained mutation: You have large cloven feet. [Xom's grace]
  1216 | D:2      | XOM: 3-stop teleportation journey
  1241 | D:2      | XOM: give mutations
  1241 | D:2      | Gained mutation: Your mind is acute. (Int +2) [Xom's grace]
  1241 | D:2      | Gained mutation: Your mind is very acute. (Int +4) [Xom's
                  | grace]
  1241 | D:2      | Gained mutation: You passively map a small area around you.
                  | [Xom's grace]
  1451 | D:2      | Lost mutation: You have large cloven feet. [demonic
                  | ancestry]
  1451 | D:2      | Gained mutation: You have sharp toenails. [demonic
                  | ancestry]
  1451 | D:2      | Reached XP level 4. HP: 37/37 MP: 4/4
  1853 | D:3      | XOM: scenery: 1 doors open
  1894 | D:3      | XOM: 1-stop teleportation journey
  1913 | D:3      | Found a glowing golden altar of the Shining One.
  1922 | D:3      | Noticed Terence
  1933 | D:3      | Killed Terence
  2200 | D:3      | Reached skill level 4 in Fighting
  2300 | D:3      | Reached skill level 1 in Evocations
  2300 | D:3      | Reached XP level 5. HP: 15/42 MP: 5/5
  2689 | D:4      | Reached XP level 6. HP: 15/49 MP: 7/7
  2806 | D:4      | XOM: god gift: wand of random effects (15)
  3167 | D:4      | Learned a level 3 spell: Static Discharge
  3204 | D:4      | Found a snail-covered altar of Cheibriados.
  3216 | D:4      | XOM: scenery: create altars
  3275 | D:4      | Found an opulent altar of Gozag.
  3360 | D:4      | HP: 2/49 [poisoned by a worker ant]
  3364 | D:4      | Succumbed to a worker ant's poison

Illustrated notes

Levels and vault maps discovered:
D:1:      saegor_arrival_simple_a, layout_rooms
D:2:      layout_rooms
D:3:      layout_basic, tso_metal_star, first_ration, uniq_terence
D:4:      layout_cave_pools, grunt_gozag_breadcrumbs, kennysheep_slug_shrine

Skill      XL: |  1  2  3  4  5  6 |
---------------+-------------------+-----
Dodging        | 1 2 3 |  3.1
Armour         | 2 3 |  3.5
Fighting       | 4 |  4.5
Evocations     | 1 2 |  2.3
Unarmed Combat | |  2.6
Spellcasting   | |  0.2
Conjurations   | |  0.2
Air Magic      | |  0.2

Action                   |  1- 3 |  4- 6 || total
-------------------------+-------+-------++-------
Melee: Hand axe          |   172 |    79 ||   251
       Kick              |     7 |    13 ||    20
       Punch             |     1 |     2 ||     3
Evoke: Wand              |       |     7 ||     7
  Use: Scroll            |       |     1 ||     1
       Potion            |       |     5 ||     5
  Eat: Chunk             |     2 |     3 ||     5
       Ration            |       |     1 ||     1
Armor: Leather armour    |    72 |       ||    72
       Scale mail        |     6 |    31 ||    37
Dodge: Dodged            |   168 |    62 ||   230
